 Dungeon Sprint DCSS version 0.30-a0-177-g1cb5dbfd7a (webtiles) character file.

Game seed: 4714187666345294596

3038 hellse the Grappler (level 9, -4/106 HPs)
             Began as a Troll Fighter on Oct 2, 2022.
             Was the Champion of Cheibriados.
             Slain by Sigmund
             ... wielding a +1 scythe of distortion
              (5 damage)
             ... in the Dungeon (Sprint III: "The Ten Rune Challenge").
             The game lasted 00:03:41 (766 turns).

hellse the Grappler (Troll Fighter)                  Turns: 766, Time: 00:03:41

Health: -4/106     AC:  4    Str: 45    XL:     9   Next: 56%
Magic:  9/13       EV: 10    Int: 19    God:    Cheibriados [******]
Gold:   1703       SH: 11    Dex: 24    Spells: 8/8 levels left

rFire   . . .      SeeInvis .      - Unarmed
rCold   . . .      Faith    .    b - +0 kite shield
rNeg    . . .      Spirit   .    a - +0 robe
rPois   .          Reflect  .    (helmet restricted)
rElec   .          Harm     .    (no cloak)
rCorr   .          Rampage  .    (gloves unavailable)
Will    .....      NoTele   +    (boots unavailable)
Stlth   ++........               (no amulet)
HPRegen 1.17/turn                (no ring)
MPRegen 0.13/turn                (no ring)

@: lethally poisoned (-4 -> -5), on berserk cooldown, slowed, very slow
A: large, unfitting armour, claws 3, regeneration 1, shaggy fur 1, tough skin 1
a: Renounce Religion, Bend Time, Temporal Distortion, Slouch, Step From Time


You were in the Dungeon.
You worshipped Cheibriados.
Cheibriados was exalted by your worship.
You visited 1 branch You collected 1778 gold pieces.
You spent 75 gold pieces at shops.

Inventory:

Armour
 a - a +0 robe (worn)
 b - a +0 kite shield (worn)
Wands
 q - a wand of polymorph (6)
Scrolls
 i - a scroll of blinking
 j - a scroll of immolation
 k - a scroll of poison
 n - a scroll of torment {unknown}
 o - a scroll of brand weapon {unknown}
Potions
 c - a potion of might
 e - 3 potions of heal wounds
 f - a potion of haste
 g - 2 potions of magic
 m - a potion of flight {unknown}
 p - 6 potions of mutation
Miscellaneous
 h - a tin of tremorstones (2/2)


   Skills:
 + Level 12.2 Fighting
 - Level 2.7 Dodging
 - Level 6.3 Shields
 + Level 14.2 Unarmed Combat
 - Level 6.9 Invocations


You had 8 spell levels left.
You didn't know any spells.
Your spell library contained the following spells:

 Spells                   Type           Power      Damage    Failure   Level
 Cigotuvi's Dreadful Rot  Necr/Pois/Air  0%         N/A       54%         2
 Dispel Undead            Necr           0%         3d6       99%         4
 Death Channel            Necr           0%         N/A       100%        6


Dungeon Overview and Level Annotations

Branches:
Dungeon (1/1)

Altars:
Cheibriados
Dithmenos
Elyvilon
Fedhas
Gozag
Hepliaklqana
Kikubaaqudgha
Makhleb
Nemelex Xobeh
Okawaru
Qazlal
Ru
Sif Muna
Trog
Uskayaw
Vehumet
Wu Jian
Xom
Yredelemnul
Zin
The Shining One
Jiyva
Lugonu

Shops:
D ?

Annotations:
D Edmund, Sigmund


Innate Abilities, Weirdness & Mutations

You are too large for most types of armour.
You have claws for hands.
Your natural rate of healing is unusually fast.
You are covered in fur. (AC +1)
You have tough skin. (AC +1)


Message History

Press: ? - help, Dir - look around, f - activate
Okay, then.
You don't know any spells.
Unknown command.
Activating: Slouch (7% risk of failure)
Press: ? - help, Dir - look around, f - activate You can feel time thicken for a moment.
You feel very sick.
Edmund throws a curare-tipped dart.
The curare-tipped dart hits you.
You are more poisoned.
You have difficulty breathing.
You feel as though you will be slow longer.
Sigmund points at you and mumbles some strange words.
You are confused.
Unknown command.
A red film seems to cover your vision as you go berserk!
Cheibriados forces you to slow down.
You feel mighty!
You feel extremely sick. Sigmund hits you but does no damage.
You feel a strong urge to attack something.
You feel extremely sick. Sigmund completely misses you.
Sigmund casts a spell at you. The bolt of fire hits you!!!
* * * LOW HITPOINT WARNING * * *
Sigmund attacks as you move away!
Sigmund hits you with a +1 scythe of distortion!
* * * LOW HITPOINT WARNING * * *
Space warps around you.
* * * LOW HITPOINT WARNING * * *
You feel less confused.
You are no longer berserk.
You are exhausted.
You feel as though you will be slow longer.
* * * LOW HITPOINT WARNING * * *
You feel very sick.
Sigmund points at you and mumbles some strange words.
The lance of force misses you.
Sigmund hits you from afar with a +1 scythe of distortion.
You die...

#)#.#####.#*********************,
#)#####################*********,
#.)).#.#.#.....#.^^...+,,,~~*,**,
##)#..#.##)###.#......#,,,~~*****
)##.#.#.##.#.)##..^...#,,,~~~~**,
#)..#..#..##..'....^..#,,,~~~~**,
▓▓▓▓▓▓▓▓▓▓▓▓▓▓#^......#,,,,,,,**,
,,,,,,,,~~~,,,#.^^...^#,,,,,,,***
~~~~~~~~~~**,,+.@.....#,,,,,,,**,
************,,#...^..^#**********
***##@######*********,
***************.@.+,~~~~**~,~~~*,
,**~~~~~~,,*,,#...#,~~~~*~,~*~~*,
*,*~~~~~,,,*,,#...#,*~~~**,**~~**
,**+~~~~~****+#####,*,~~~***~~~*,
,,,*~~,,,,,,,,*,,,,,***~~~~~~~~**
*,,*~,,+*******,,,,,*,*,~~~~~~~*,


You could see Edmund and Sigmund.

Vanquished Creatures
  Erolcha (D)
  A deep elf pyromancer (D)
  A shadow (D)
  2 redbacks (D)
  A spatial vortex (D)
  5 two-headed ogres (D)
  A water elemental (D)
  A necrophage (D)
  A scorpion (D)
  A jelly (D)
  An orc priest (D)
  A wizard (D)
  5 orc wizards (D)
  A necromancer (D)
  A kobold demonologist (D)
  3 humans (D)
  11 orcs (D)
  A ball python (D)
  An endoplasm (D)
  3 rats (D)
43 creatures vanquished.

Notes
Turn   | Place    | Note
-------+----------+-------------------------------------------
     0 | D        | hellse the Troll Fighter began the quest for the Orb.
     0 | D        | Reached XP level 1. HP: 22/22 MP: 0/0
    70 | D        | Reached skill level 4 in Unarmed Combat
    70 | D        | Reached XP level 2. HP: 16/32 MP: 1/1
    71 | D        | Noticed a scorpion
    90 | D        | Killed a scorpion
    91 | D        | Reached skill level 5 in Fighting
    91 | D        | Reached skill level 5 in Unarmed Combat
    91 | D        | Reached XP level 3. HP: 25/42 MP: 2/2
    91 | D        | Reached XP level 4. HP: 30/50 MP: 3/3
   126 | D        | Noticed a water elemental
   131 | D        | Killed a water elemental
   132 | D        | Reached skill level 7 in Unarmed Combat
   132 | D        | Reached XP level 5. HP: 61/61 MP: 4/4
   148 | D        | Noticed a shadow
   153 | D        | Killed a shadow
   154 | D        | Reached skill level 9 in Unarmed Combat
   154 | D        | Reached XP level 6. HP: 24/72 MP: 5/5
   175 | D        | Found a blossoming altar of Fedhas.
   175 | D        | Found a stormy altar of Qazlal.
   176 | D        | Found a snail-covered altar of Cheibriados.
   176 | D        | Found a burning altar of Makhleb.
   176 | D        | Found a hazy altar of Hepliaklqana.
   176 | D        | Found a shimmering altar of Xom.
   176 | D        | Found an opulent altar of Gozag.
   176 | D        | Found a sparkling altar of Nemelex Xobeh.
   176 | D        | Found a corrupted altar of Lugonu.
   176 | D        | Found a viscous altar of Jiyva.
   176 | D        | Noticed a spatial vortex
   178 | D        | Became a worshipper of Cheibriados the Contemplative
   183 | D        | Killed a spatial vortex
   184 | D        | Reached skill level 10 in Unarmed Combat
   242 | D        | Found a basalt altar of Yredelemnul.
   242 | D        | Found a shadowy altar of Dithmenos.
   242 | D        | Found a sacrificial altar of Ru.
   245 | D        | Reached * piety under Cheibriados
   246 | D        | Reached XP level 7. HP: 80/83 MP: 6/6
   255 | D        | Found a hide-covered altar of Uskayaw.
   255 | D        | Found an iron altar of Okawaru.
   256 | D        | Found a bloodstained altar of Trog.
   256 | D        | Found an ornate altar of the Wu Jian Council.
   256 | D        | Noticed a human
   256 | D        | Noticed a human
   258 | D        | Killed a human
   259 | D        | Reached skill level 11 in Unarmed Combat
   265 | D        | Killed a human
   265 | D        | Reached ** piety under Cheibriados
   266 | D        | Reached skill level 10 in Fighting
   266 | D        | Reached skill level 12 in Unarmed Combat
   267 | D        | Found a glowing silver altar of Zin.
   267 | D        | Found a glowing golden altar of the Shining One.
   267 | D        | Found a white marble altar of Elyvilon.
   267 | D        | Noticed a deep elf pyromancer
   270 | D        | Killed a deep elf pyromancer
   271 | D        | Reached XP level 8. HP: 47/97 MP: 7/7
   312 | D        | Found a radiant altar of Vehumet.
   312 | D        | Found a shimmering blue altar of Sif Muna.
   312 | D        | Found an ancient bone altar of Kikubaaqudgha.
   319 | D        | Reached *** piety under Cheibriados
   320 | D        | Reached skill level 13 in Unarmed Combat
   504 | D        | Noticed a two-headed ogre
   512 | D        | Killed a two-headed ogre
   512 | D        | Reached **** piety under Cheibriados
   563 | D        | Noticed a two-headed ogre
   563 | D        | Noticed Erolcha
   568 | D        | Killed Erolcha
   569 | D        | Reached XP level 9. HP: 96/105 MP: 7/13
   573 | D        | Killed a two-headed ogre
   578 | D        | Reached ***** piety under Cheibriados
   582 | D        | Reached skill level 14 in Unarmed Combat
   647 | D        | Reached ****** piety under Cheibriados
   700 | D        | Found Hiotraelu's Magic Scroll Emporium.
   710 | D        | Bought a scroll of magic mapping for 75 gold pieces
   760 | D        | Noticed Sigmund
   760 | D        | Noticed Edmund
   766 | D        | HP: 4/159 [Sigmund/+1 scythe of distortion (4)]
   766 | D        | HP: 1/106 [poisoned by Edmund (curare-tipped dart)]
   766 | D        | Slain by Sigmund

Illustrated notes

Levels and vault maps discovered:
D:        dungeon_sprint_mu [sprint_mu_entry_forest, sprint_mu_temple_rooms,
          sprint_mu_d1_spiders, sprint_mu_d2_genie, sprint_mu_d3_branching,
          sprint_mu_orc_legion, sprint_mu_elf_gauntlet, sprint_mu_hive_nellie,
          sprint_mu_lair_fedhas, sprint_mu_vaults_butterflies,
          sprint_mu_slime_circle, sprint_mu_swamp_cave, sprint_mu_snake_twists,
          sprint_mu_blade_basic, sprint_mu_crypt_fortress,
          sprint_mu_tomb_spiral, sprint_mu_vestibule_basic,
          sprint_mu_gehenna_hellfire, sprint_mu_dis_giant,
          sprint_mu_tartarus_statrot, sprint_mu_cocytus_islands, sprint_mu_zot1]

Skill      XL: |  1  2  3  4  5  6  7  8  9 |
---------------+----------------------------+-----
Shields        | 3 6 |  6.3
Fighting       | 3 5 6 8 9 11 12 | 12.2
Unarmed Combat | 4 5 7 9 10 12 13 14 | 14.2
Invocations    | 6 |  6.9
Dodging        | |  2.7

Action                   |  1- 3 |  4- 6 |  7- 9 || total
-------------------------+-------+-------+-------++-------
Melee: Unarmed           |    40 |    17 |    83 ||   140
Invok: Slouch            |       |       |     1 ||     1
  Use: Potion            |       |     1 |     2 ||     3
       Scroll            |       |       |     3 ||     3
Armor: Robe              |     9 |     3 |     5 ||    17
Dodge: Dodged            |    20 |     5 |    15 ||    40
Block: Kite shield       |     9 |     2 |    29 ||    40

Table legend: (Time is in decaauts)
 A = Elapsed time spent in this place.
 B = Non-inter-level travel time spent in this place.
 C = Inter-level travel time spent in this place.
 D = Time resting spent in this place.
 E = Time spent auto-exploring this place.
 F = Levels seen in this place.
 G = Mean time per level.
                   A        B        C        D        E       F      G
               +--------+--------+--------+--------+--------+-----+--------+
         Total |    938 |    883 |     55 |    267 |     53 |   1 |  938.0 |
       Dungeon |    938 |    883 |     55 |    267 |     53 |   1 |  938.0 |
               +--------+--------+--------+--------+--------+-----+--------+

Top non-repeatable levels by time:
       D: 938 daAuts
